 Dungeon Crawl Stone Soup version 0.20-a0-1062-g7b787ac (webtiles) character file.

10 Goblin1989 the Slasher (level 2, 24/24 HPs)
             Began as a Demonspawn Monk on Apr 27, 2017.
             Quit the game on level 1 of the Dungeon.
             The game lasted 00:01:26 (554 turns).

Goblin1989 the Slasher (Demonspawn Monk)             Turns: 554, Time: 00:01:26

Health: 24/24      AC:  2    Str: 11    XL:     2   Next: 10%
Magic:  2/2        EV: 13    Int: 11    God:
Gold:   0          SH:  0    Dex: 15    Spells: 1/1 levels left

rFire    . . .     SeeInvis .   a - +0 falchion
rCold    . . .     Gourm    .   (no shield)
rNeg     . . .     Faith    .   b - +0 robe
rPois    .         Spirit   .   (no helmet)
rElec    .         Reflect  .   (no cloak)
rCorr    .         Harm     .   (no gloves)
MR       .....                  (no boots)
Stlth    ++........             (no amulet)
Regen    0.1/turn               (no ring)
MPRegen  0.1/turn               (no ring)

@: no status effects
A: claws 1
a: no special abilities


You were on level 1 of the Dungeon.
You were not hungry.

You visited 1 branch of the dungeon, and saw 1 of its levels.

Inventory:

Hand Weapons
 a - a +0 falchion (weapon)
Armour
 b - a +0 robe (worn)
Scrolls
 c - a scroll of remove curse {unknown}
 f - a scroll of amnesia {unknown}
 i - a scroll of identify {unknown}
Potions
 d - a potion of heal wounds {unknown}
 h - a potion of resistance {unknown}
Comestibles
 e - a bread ration {@e1}
 g - 7 chunks of flesh


   Skills:
 - Level 3.0 Fighting
 - Level 3.2 Long Blades
 - Level 2.6 Dodging
 - Level 1.7 Stealth
 + Level 0.3 Unarmed Combat


You had one spell level left.
You didn't know any spells.

Dungeon Overview and Level Annotations

Branches:
Dungeon (1/15)

Altars:


Innate Abilities, Weirdness & Mutations

You have sharp fingernails.


Message History

A hobgoblin comes into view. It is wielding a club.
The frilled lizard closely misses you.
You completely miss the frilled lizard. The frilled lizard closely misses you.
You riposte.
You barely miss the frilled lizard. You hit the frilled lizard.
You kill the frilled lizard!
You see here a frilled lizard corpse.
You hit the hobgoblin.
The hobgoblin is severely wounded.
The hobgoblin hits you with a club.
You take 2 damage, and have 16/18 hp.
You hit the hobgoblin.
You kill the hobgoblin!
You have reached level 2!
Your demonic ancestry asserts itself...
Your fingernails lengthen.
You regained 5 hp, and now have 21/24 hp.
MP restored: 2 You butcher the hobgoblin corpse.
g - 6 chunks of flesh (gained 2)
Things that are here:
a club; a hobgoblin skeleton
Things that are here:
a club; a hobgoblin skeleton; Health restored: 24 You butcher the frilled lizard corpse.
g - 7 chunks of flesh (gained 1)
A kobold comes into view. It is wielding a club.
A rat comes into view.
You hit the rat.
You kill the rat!
The kobold shouts!
The kobold throws a stone.
The stone hits you but does no damage.
The kobold throws a stone.
The stone hits you but does no damage. The kobold closely misses you.
You hit the kobold.
The kobold is heavily wounded.
The kobold misses you.
You miss the kobold.
The kobold is heavily wounded.
The kobold hits you but does no damage.
You closely miss the kobold.
The kobold is heavily wounded.
The kobold hits you with a club.
You take 3 damage, and have 21/24 hp.
You hit the kobold.
The kobold is severely wounded.
The kobold closely misses you.
You barely miss the kobold.
The kobold is severely wounded.
The kobold hits you but does no damage.
You barely miss the kobold.
The kobold is severely wounded.
The kobold closely misses you.
You barely miss the kobold.
The kobold is severely wounded.
The kobold closely misses you.
You riposte.
You hit the kobold.
You kill the kobold!
No target in view!
No target in view!
No target in view!
No target in view!
No target in view!
No target in view!
No target in view!
No target in view!
No target in view!
No target in view!
No target in view!
No target in view!
No target in view!
No target in view!
No target in view!
No target in view!
No target in view!
No target in view!
No target in view!
No target in view!
No target in view!
No target in view!
Things that are here:
a club; 2 stones
i - a scroll labeled DOPPYRGH OLUCHE Health restored: 24 You see here 2 stones.
You enter a teleport trap!
The teleport trap disappears.
Your surroundings suddenly seem different.
Saving game... please wait.
Welcome back, Goblin1989 the Demonspawn Monk.
Press ? for a list of commands and other information.
Unknown command.
Unknown command.
Are you sure you want to abandon this character and quit the game? (Confirm with "yes".)
Okay, then.
Unknown command.
Are you sure you want to abandon this character and quit the game? (Confirm with "yes".)
Okay, then.
Unknown command.
Unknown command.
Are you sure you want to abandon this character and quit the game? (Confirm with "yes".) █████

███...█ ███...█.█
███...███.█ ███...███
█)█ ███..)███ █.█
█...█████████.██████
█..@........).......
███∆███████████.██████
█.....█ █.......
█.....█ ████.███
█.....█ █.█ █████.█
███.██ █.█ █....██ █.█
█.....█ █.█ █......


There were no monsters in sight!

Vanquished Creatures
  A goblin (D:1)
  3 hobgoblins (D:1)
  A bat (D:1)
  A frilled lizard (D:1)
  2 kobolds (D:1)
  2 rats (D:1)
10 creatures vanquished.

Notes
Turn   | Place    | Note
-------+----------+-------------------------------------------
     0 | D:1      | Goblin1989 the Demonspawn Monk began the quest for the Orb.
     0 | D:1      | Reached XP level 1. HP: 18/18 MP: 1/1
   434 | D:1      | Gained mutation: You have sharp fingernails. [demonic ancestry]
   434 | D:1      | Reached XP level 2. HP: 21/24 MP: 2/2
   554 | D:1      | Quit the game

Vault maps used:
D:1:      elethiomel_arrival_shortcut

Skill      XL: |  1 |
---------------+----+-----
Long Blades    | 3 |  3.2
Fighting       | |  3.0
Dodging        | |  2.6
Stealth        | |  1.7
Unarmed Combat | |  0.3

Action                   || total
-------------------------++-------
Melee: Falchion          ||    31
Armor: Robe              ||     5
Dodge: Dodged            ||    17
       Rpst.: Falchion   ||     6

Vault maps used:
D:1:      elethiomel_arrival_shortcut
